 Dungeon Crawl Stone Soup version 0.26-a0-1131-g5f66e2dd50 (webtiles) character file.

Game seed: 7388176331444980418

2917 Owain the Cleaver (level 9, 0/81 HPs)
             Began as a Minotaur Fighter on Dec 19, 2020.
             Was a Follower of Okawaru.
             Slain by a troll (4 damage)
             ... on level 7 of the Dungeon.
             The game lasted 00:29:09 (4631 turns).

Owain the Cleaver (Minotaur Fighter)                Turns: 4631, Time: 00:29:11

Health: 0/81       AC:  8    Str: 24    XL:     9   Next: 50%
Magic:  8/8        EV: 11    Int:  5    God:    Okawaru [*.....]
Gold:   344        SH:  0    Dex: 14    Spells: 8/8 levels left

rFire    . . .     SeeInvis .   a - +1 war axe
rCold    + . .     Faith    .   c - +1 kite shield
rNeg     . . .     Spirit   .   q - +2 leather armour "Keffor" {Harm rC+ Str+4}
rPois    .         Reflect  .   (helmet restricted)
rElec    .         Harm     +   h - +0 cloak
rCorr    .         Rampage  .   (no gloves)
Will     +....                  n - +0 pair of boots
Stlth    +.........             w - amulet of regeneration
HPRegen  0.63/turn              j - +4 ring of evasion
MPRegen  0.11/turn              g - ring of willpower

@: petrifying (expiring), very slow
A: retaliatory headbutt, horns 2
a: Renounce Religion, Heroism


You were on level 7 of the Dungeon.
You worshipped Okawaru.
Okawaru was aware of your devotion.
You visited 2 branches of the dungeon, and saw 8 of its levels.

You collected 344 gold pieces.

Inventory:

Hand Weapons
 a - a +1 war axe (weapon)
Missiles
 o - 15 curare-tipped darts (quivered)
 D - 17 poisoned darts
Armour
 b - a +0 scale mail
 c - a +1 kite shield (worn)
 h - a +0 cloak (worn)
 n - a +0 pair of boots (worn)
 q - the +2 leather armour "Keffor" (worn) {Harm rC+ Str+4}
   (You found it on level 4 of the Dungeon)

   It affects your strength (+4).
   It protects you from cold.
   It increases damage dealt and taken.
 E - the cursed +1 leather armour of Wu Jian {+Inv rC+ rN+ Will-, unknown}
   (You found it on level 6 of the Dungeon)

   It protects you from cold.
   It protects you from negative energy.
   It affects your willpower, your defense against some magical effects.
   It lets you turn invisible.
   It has a curse placed upon it.
Jewellery
 g - a ring of willpower (right hand)
 j - a +4 ring of evasion (left hand)
 w - an amulet of regeneration (around neck)
 C - a +6 ring of intelligence
Wands
 f - a wand of iceblast (7)
 k - a wand of paralysis (7)
 F - a wand of flame (7)
Scrolls
 e - 9 scrolls of remove curse
 r - 2 scrolls of enchant armour
 u - 3 scrolls of fog
 v - 4 scrolls of magic mapping
 y - 2 scrolls of teleportation
 z - 2 scrolls of enchant weapon
 A - a scroll of fear
Potions
 d - a potion of might
 i - 2 potions of cancellation
 l - a potion of haste
 m - 3 potions of curing
 p - a potion of berserk rage
 s - 2 potions of degeneration {unknown}
 t - a potion of lignification {unknown}
 x - 2 potions of heal wounds {unknown}
 B - a potion of magic {unknown}


   Skills:
 + Level 8.0 Fighting
 + Level 8.1 Axes
 + Level 7.8 Armour
 + Level 5.9 Dodging
 + Level 7.8 Shields


You had 8 spell levels left.
You didn't know any spells.
Your spell library contained the following spells:

 Spells                   Type           Power        Failure   Level
 Shock                    Conj/Air       0%           83%         1
 Corpse Rot               Necr/Air       N/A          92%         2
 Summon Mana Viper        Hex/Summ       0%           100%        5
 Conjure Ball Lightning   Conj/Air       0%           100%        6
 Shadow Creatures         Summ           N/A          100%        6


Dungeon Overview and Level Annotations

Branches:
Dungeon (7/15)             Temple (1/1) D:6

Altars:
Ashenzari
Dithmenos
Elyvilon
Hepliaklqana
Okawaru
Sif Muna
Uskayaw
Vehumet
Zin

Shops:
D:5 =


Innate Abilities, Weirdness & Mutations

You reflexively headbutt those who attack you in melee.
You have a pair of horns on your head.


Message History

* * * LOW HITPOINT WARNING * * *
You barely miss the brown ugly thing. You headbutt the brown ugly thing.
You kill the brown ugly thing!
Okawaru is honoured by your kill. The basilisk gazes at you.
You are slowing down.
Your life force feels restored.
Your Fighting skill increases to level 8!
Your Axes skill increases to level 8!
You feel better. The troll misses you. You furiously retaliate!
You headbutt the troll! The troll claws you!
* * * LOW HITPOINT WARNING * * *
The troll claws you but does no damage.
Your limbs are stiffening.
You closely miss the troll.
The troll is moderately wounded.
The troll bites you. The troll claws you.
* * * LOW HITPOINT WARNING * * *
The troll claws you but does no damage. The troll closely misses you.
You furiously retaliate!
You headbutt the troll. The troll claws you.
You die...

....####......##
##.....# ....#
#.....#########..
###)..#
....###...###..#.......
###.. ........###......#
### ..#...###....#...# #
#...###...#.#..†.#
#.##'....#.#.#.#.#
#...###...#.#..#.#
.<#...###....#.#@#
.####.÷.###....#T###'###
...####...###..#lco..Z..
........#...#####zz.####
...####.......## ####
#### ######...# ##..##
#...# ##...##


You could see a troll, a basilisk, a centaur and 2 wights.

Vanquished Creatures
  An ugly thing (D:7)
  Sigmund (D:3)
  An ice beast (D:3)
  2 phantoms
  3 ogres
  3 centaurs
  2 big kobolds (D:7)
  4 bullfrogs
  A wyvern zombie (D:6)
  3 scorpions
  A water moccasin skeleton (D:7)
  2 killer bees (D:7)
  2 howler monkeys (D:6)
  A centaur zombie (D:7)
  A quasit (D:7)
  A bullfrog zombie (D:5)
  A hound (D:4)
  A jelly (D:7)
  An orc priest (D:3)
  3 orc wizards
  2 bullfrog skeletons (D:6)
  3 iguanas
  Natasha (twice) (D:4)
  2 worker ants (D:4)
  Robin (D:3)
  A howler monkey skeleton (D:7)
  8 adders
  A shadow imp (D:5)
  2 white imps
  An ufetubus (D:7)
  An ooze (D:2)
  An adder skeleton (D:5)
  An adder zombie (D:6)
  4 worms
  2 dart slugs (D:4)
  7 leopard geckos
  20 orcs
  8 bats
  8 giant cockroaches
  17 goblins
  6 hobgoblins
  2 jackals (D:6)
  15 kobolds
  4 quokkas
  3 ball pythons
  7 frilled lizards
  A jackal skeleton (D:4)
  A leopard gecko skeleton (D:5)
  8 rats
174 creatures vanquished.

Notes
Turn   | Place    | Note
-------+----------+-------------------------------------------
     0 | D:1      | Owain the Minotaur Fighter began the quest for the Orb.
     0 | D:1      | Reached XP level 1. HP: 19/19 MP: 0/0
   118 | D:1      | Reached XP level 2. HP: 27/27 MP: 1/1
   792 | D:2      | Reached XP level 3. HP: 34/34 MP: 2/2
  1267 | D:2      | Reached XP level 4. HP: 40/41 MP: 3/3
  1603 | D:3      | Reached skill level 1 in Dodging
  1641 | D:3      | Noticed Robin
  1650 | D:3      | Killed Robin
  1651 | D:3      | Reached XP level 5. HP: 42/47 MP: 4/4
  1651 | D:3      | Noticed an ice beast
  1655 | D:3      | Killed an ice beast
  1798 | D:3      | Reached skill level 5 in Fighting
  1800 | D:3      | Reached XP level 6. HP: 56/56 MP: 5/5
  2149 | D:3      | Reached skill level 5 in Axes
  2306 | D:3      | Noticed Sigmund
  2315 | D:3      | Killed Sigmund
  2316 | D:3      | Reached skill level 5 in Armour
  2316 | D:3      | Reached skill level 5 in Shields
  2316 | D:3      | Reached XP level 7. HP: 49/61 MP: 6/6
  2528 | D:4      | Got a jewelled leather armour
  2539 | D:4      | Identified the +2 leather armour "Keffor" {Harm rC+ Str+4}
                  | (You found it on level 4 of the Dungeon)
  2689 | D:4      | Noticed Natasha
  2695 | D:4      | Killed Natasha
  2940 | D:4      | Noticed Natasha
  2948 | D:4      | Killed Natasha
  3160 | D:5      | Entered Level 5 of the Dungeon
  3210 | D:5      | Found a hide-covered altar of Uskayaw.
  3241 | D:5      | Reached XP level 8. HP: 70/70 MP: 7/7
  3257 | D:5      | Found Kamovimu's Jewellery Emporium.
  3403 | D:5      | Identified the Compendium of Creative Feathers
  3493 | D:5      | Found a shimmering blue altar of Sif Muna.
  4016 | D:6      | Found a staircase to the Ecumenical Temple.
  4018 | D:6      | Got an encrusted leather armour
  4024 | Temple   | Entered the Ecumenical Temple
  4051 | Temple   | Became a worshipper of Warmaster Okawaru
  4173 | D:6      | Reached skill level 5 in Dodging
  4393 | D:7      | Reached XP level 9. HP: 79/79 MP: 8/8
  4604 | D:7      | Reached * piety under Okawaru
  4610 | D:7      | Noticed a brown ugly thing
  4615 | D:7      | Noticed a troll
  4629 | D:7      | Killed a brown ugly thing
  4631 | D:7      | HP: 4/81 [troll (2)]
  4631 | D:7      | Slain by a troll

Illustrated notes

Levels and vault maps discovered:
D:1:      saegor_arrival_simple_c, layout_basic, roderic_roman_lattice
D:2:      layout_basic, minmay_crystal_room, st_stairs_3
D:3:      layout_basic, uniq_sigmund, uniq_robin
D:4:      layout_cave_pools, uniq_natasha
D:5:      layout_loops_cross, lemuel_doored_altar, serial_shops, shop,
          basic_altar
D:6:      layout_rooms, minmay_temple_entry_metal_lava
D:7:      minmay_the_grid_four_pointed_star
          [minmay_the_grid_triangle_9x9_zippers_vertical,
          minmay_the_grid_triangle_9x9_pentomino_pain,
          minmay_the_grid_triangle_9x9_steps,
          minmay_the_grid_triangle_9x9_limited_checkers,
          minmay_the_grid_prize_shrinking_boxes], layout_rooms
Temple:   minmay_crystal_snake_temple

Skill      XL: |  1  2  3  4  5  6  7  8  9 |
---------------+----------------------------+-----
Fighting       | 4 5 6 7 8 |  8.0
Armour         | 4 5 7 |  7.8
Shields        | 4 5 7 |  7.8
Axes           | 3 4 5 6 7 8 |  8.1
Dodging        | 1 2 3 5 |  5.9

Action                   |  1- 3 |  4- 6 |  7- 9 || total
-------------------------+-------+-------+-------++-------
Melee: War axe           |    98 |    71 |   199 ||   368
       Headbutt          |    14 |    10 |    55 ||    79
  Use: Scroll            |     4 |     7 |     6 ||    17
       Potion            |       |       |     1 ||     1
Armor: Scale mail        |    45 |    40 |     3 ||    88
       Leather armour    |       |       |    36 ||    36
Dodge: Dodged            |    27 |    24 |   112 ||   163
Block: Kite shield       |    48 |    35 |   120 ||   203

Table legend: (Time is in decaauts)
 A = Elapsed time spent in this place.
 B = Non-inter-level travel time spent in this place.
 C = Inter-level travel time spent in this place.
 D = Time resting spent in this place.
 E = Time spent auto-exploring this place.
 F = Levels seen in this place.
 G = Mean time per level.
                   A        B        C        D        E       F      G
               +--------+--------+--------+--------+--------+-----+--------+
         Total |   4741 |   4548 |    193 |      0 |   3413 |   8 |  592.6 |
       Dungeon |   4690 |   4521 |    169 |      0 |   3392 |   7 |  670.0 |
        Temple |     51 |     27 |     24 |      0 |     21 |   1 |   51.0 |
               +--------+--------+--------+--------+--------+-----+--------+

Top non-repeatable levels by time:
     D:3: 977 daAuts
     D:2: 897 daAuts
     D:1: 706 daAuts
     D:4: 663 daAuts
     D:5: 586 daAuts
     D:6: 515 daAuts
     D:7: 344 daAuts
  Temple: 51 daAuts
